 Dungeon Crawl Stone Soup version 0.25-a0-496-g8c4878dea3 (webtiles) character file.

Game seed: 14308545158193361998, levelgen mode: deterministic

235 RedPan the Poker (level 6, -4/53 HPs)
             Began as a Gnoll Wanderer on Feb 11, 2020.
             Slain by a gnoll
             ... wielding a +0 halberd
              (11 damage)
             ... on level 3 of the Dungeon.
             The game lasted 00:03:34 (2220 turns).

RedPan the Poker (Gnoll Wanderer)                   Turns: 2220, Time: 00:03:35

Health: -4/53      AC:  7    Str: 17    XL:     6   Next: 6%
Magic:  9/9        EV: 10    Int: 16    God:
Gold:   122        SH:  0    Dex: 12    Spells: 8/8 levels left

rFire    . . .     SeeInvis .   a - +2 spear
rCold    . . .     Gourm    .   (no shield)
rNeg     . . .     Faith    .   e - +0 scale mail
rPois    .         Spirit   .   (no helmet)
rElec    .         Reflect  .   (no cloak)
rCorr    .         Harm     .   (no gloves)
MR       .....                  (no boots)
Stlth    ..........             (no amulet)
HPRegen  0.17/turn              k - ring of wizardry
MPRegen  0.11/turn              (no ring)

@: no status effects
A: distributed training, fangs 1, strong nose
a: no special abilities


You were on level 3 of the Dungeon.
You were not hungry.

You visited 1 branch of the dungeon, and saw 3 of its levels.

You collected 122 gold pieces.

Inventory:

Hand Weapons
 a - a +2 spear (weapon)
Armour
 c - a +0 robe
 e - a +0 scale mail (worn)
Jewellery
 k - a ring of wizardry (left hand)
Wands
 m - a wand of disintegration (10)
Scrolls
 b - 4 scrolls of teleportation
 i - 3 scrolls of remove curse
 j - a scroll of amnesia {unknown}
 n - 2 scrolls of identify
Potions
 g - a potion of invisibility
 h - a potion of might {unknown}
 l - 3 potions of curing
 o - a potion of agility {unknown}
 p - a potion of berserk rage {unknown}
Comestibles
 d - 7 rations
 f - 5 chunks of flesh


   Skills:
 + Level 6.7 Fighting
 + Level 1.7 Short Blades
 + Level 1.7 Long Blades
 + Level 1.7 Axes
 + Level 1.7 Maces & Flails
 + Level 6.7 Polearms
 + Level 1.7 Staves
 + Level 1.7 Slings
 + Level 1.7 Bows
 + Level 1.7 Crossbows
 + Level 1.7 Throwing
 + Level 4.9 Armour
 + Level 1.7 Dodging
 + Level 1.7 Stealth
 + Level 1.7 Shields
 + Level 1.7 Unarmed Combat
 + Level 1.7 Spellcasting
 + Level 1.3 Conjurations
 + Level 1.3 Hexes
 + Level 1.3 Charms
 + Level 1.3 Summonings
 + Level 1.3 Necromancy
 + Level 1.3 Translocations
 + Level 1.3 Transmutations
 + Level 1.3 Fire Magic
 + Level 1.3 Ice Magic
 + Level 1.3 Air Magic
 + Level 1.3 Earth Magic
 + Level 1.3 Poison Magic
 + Level 1.9 Invocations
 + Level 4.9 Evocations


You had 8 spell levels left.
You didn't know any spells.
Your spell library was empty.

Dungeon Overview and Level Annotations

Branches:
Dungeon (3/15)

Altars:
Fedhas
Kikubaaqudgha


Innate Abilities, Weirdness & Mutations

Your experience applies equally to all skills.
You have very sharp teeth.
Your uncanny sense of smell can sniff out nearby items.


Message History

The gnoll is severely wounded.
The gnoll barely misses you.
You barely miss the gnoll. You bite the gnoll, but do no damage.
The gnoll is severely wounded.
The gnoll hits you from afar with a +0 halberd.
* * * LOW HITPOINT WARNING * * *
The gnoll hits you with a +0 spear.
* * * LOW HITPOINT WARNING * * *
You barely miss the gnoll. You bite the gnoll.
You kill the gnoll!
The gnoll hits you but does no damage.
You see here a +0 spear.
You hit the gnoll.
The gnoll is moderately wounded.
The gnoll hits you with a +0 halberd.
* * * LOW HITPOINT WARNING * * *
You hit the gnoll.
The gnoll is severely wounded.
The gnoll hits you with a +0 halberd!
You die...

### #.########## ##### ###
#...........
##...########.#####.##########
#....#.≈≈#≈##.).....# #...
#.≈≈≈#≈≈.#≈♣#@####### #.##
##.♣≈♣#.≈g#♣.#g# #.#
#...≈≈♣.g≈l..#.#############.##
#..≈≈≈÷.#♣..≈#.................
#..≈♣.♣≈♣......##....##########
#..≈≈≈≈..≈≈≈≈..##....# #.....
#..≈.≈≈≈≈≈♣.♣#.##....#####+####
#..≈..≈≈.≈≈≈.#'##....##........
##.......≈♣≈....#....##........


You could see a gnoll.

Vanquished Creatures
  A crimson imp (D:3)
  An orc wizard (D:3)
  A worker ant (D:3)
  3 gnolls
  4 adders
  2 worms
  3 dart slugs
  6 leopard geckos
  7 orcs (D:3)
  4 bats
  7 giant cockroaches
  6 hobgoblins
  3 jackals (D:1)
  A quokka (D:2)
  3 frilled lizards
  4 goblins
  5 kobolds
  9 rats
70 creatures vanquished.

Notes
Turn   | Place    | Note
-------+----------+-------------------------------------------
     0 | D:1      | RedPan the Gnoll Wanderer began the quest for the Orb.
     0 | D:1      | RedPan set off with the following items: a +2 spear, 2
                  | scrolls of teleportation, a +0 robe, a ration
     0 | D:1      | Reached XP level 1. HP: 23/23 MP: 3/3
    57 | D:1      | Reached XP level 2. HP: 29/29 MP: 5/5
   279 | D:1      | Reached XP level 3. HP: 35/35 MP: 6/6
   615 | D:1      | Reached skill level 1 in Invocations
   956 | D:2      | Reached skill level 1 in Short Blades
   956 | D:2      | Reached skill level 1 in Long Blades
   956 | D:2      | Reached skill level 1 in Axes
   956 | D:2      | Reached skill level 1 in Maces & Flails
   956 | D:2      | Reached skill level 1 in Staves
   956 | D:2      | Reached skill level 1 in Slings
   956 | D:2      | Reached skill level 1 in Bows
   956 | D:2      | Reached skill level 1 in Crossbows
   956 | D:2      | Reached skill level 1 in Throwing
   956 | D:2      | Reached skill level 1 in Dodging
   956 | D:2      | Reached skill level 1 in Stealth
   956 | D:2      | Reached skill level 1 in Shields
   956 | D:2      | Reached skill level 1 in Unarmed Combat
   956 | D:2      | Reached skill level 1 in Spellcasting
   956 | D:2      | Reached XP level 4. HP: 40/41 MP: 7/7
   996 | D:2      | Found a blossoming altar of Fedhas.
  1068 | D:2      | Found an ancient bone altar of Kikubaaqudgha.
  1324 | D:3      | Reached skill level 1 in Conjurations
  1324 | D:3      | Reached skill level 1 in Hexes
  1324 | D:3      | Reached skill level 1 in Charms
  1324 | D:3      | Reached skill level 1 in Summonings
  1324 | D:3      | Reached skill level 1 in Necromancy
  1324 | D:3      | Reached skill level 1 in Translocations
  1324 | D:3      | Reached skill level 1 in Transmutations
  1324 | D:3      | Reached skill level 1 in Fire Magic
  1324 | D:3      | Reached skill level 1 in Ice Magic
  1324 | D:3      | Reached skill level 1 in Air Magic
  1324 | D:3      | Reached skill level 1 in Earth Magic
  1324 | D:3      | Reached skill level 1 in Poison Magic
  1391 | D:3      | Reached XP level 5. HP: 21/47 MP: 8/8
  2199 | D:3      | Reached XP level 6. HP: 35/53 MP: 9/9
  2220 | D:3      | Slain by a gnoll

Levels and vault maps discovered:
D:1:      dpeg_arrival_fog, layout_loops_ring, roderic_serpentine_path,
          chequers_garden
D:2:      kennysheep_big_flooded_room, layout_rooms,
          lemuel_coloured_pillars_altar, fedhas_altar_4
D:3:      layout_basic, minmay_crystal_room, chequers_serial_rivers_marsh,
          st_stairs_13

Skill      XL: |  1  2  3  4 |
---------------+-------------+-----
Invocations    | 1 |  1.9
Short Blades   | 1 |  1.7
Long Blades    | 1 |  1.7
Axes           | 1 |  1.7
Maces & Flails | 1 |  1.7
Staves         | 1 |  1.7
Slings         | 1 |  1.7
Bows           | 1 |  1.7
Crossbows      | 1 |  1.7
Throwing       | 1 |  1.7
Dodging        | 1 |  1.7
Stealth        | 1 |  1.7
Shields        | 1 |  1.7
Unarmed Combat | 1 |  1.7
Spellcasting   | 1 |  1.7
Conjurations   | 1 |  1.3
Hexes          | 1 |  1.3
Charms         | 1 |  1.3
Summonings     | 1 |  1.3
Necromancy     | 1 |  1.3
Translocations | 1 |  1.3
Transmutations | 1 |  1.3
Fire Magic     | 1 |  1.3
Ice Magic      | 1 |  1.3
Air Magic      | 1 |  1.3
Earth Magic    | 1 |  1.3
Poison Magic   | 1 |  1.3
Fighting       | |  6.7
Polearms       | |  6.7
Armour         | |  4.9
Evocations     | |  4.9

Action                   |  1- 3 |  4- 6 || total
-------------------------+-------+-------++-------
Melee: Spear             |    71 |   143 ||   214
       Bite              |     2 |    13 ||    15
       Punch             |       |     1 ||     1
  Use: Scroll            |     3 |     3 ||     6
  Eat: Chunk             |       |     4 ||     4
Armor: Scale mail        |    13 |    44 ||    57
Dodge: Dodged            |    29 |    43 ||    72

Table legend:
 A = Non-vault XP
 B = Vault XP
 C = Vault XP percentage of total XP
 D = Non-vault monster count
 E = Vault monster count
 F = Vault count percentage of total count
                 A         B        C        D         E       F
            +---------+---------+-------+---------+---------+-------
      Total |     324 |      13 |   3.9 |      66 |       4 |   5.7
            +---------+---------+-------+---------+---------+-------
        D:1 |      58 |       0 |   0.0 |      23 |       0 |   0.0
        D:2 |      42 |       6 |  12.5 |      10 |       2 |  16.7
        D:3 |     224 |       7 |   3.0 |      33 |       2 |   5.7
            +---------+---------+-------+---------+---------+-------
